 Dungeon Crawl Stone Soup version 0.17.1-3-g152610e (webtiles) character file.

135 Heskey the Skirmisher (level 5, -2/51 HPs)
             Began as a Naga Fighter on Mar 24, 2016.
             Killed by divine providence
             ... invoked by an orc priest
              (7 damage)
             ... on level 3 of the Dungeon.
             The game lasted 00:03:04 (2427 turns).

Heskey the Skirmisher (Naga Fighter)                Turns: 2427, Time: 00:03:05

Health: -2/51      AC:  6    Str: 24    XL:     5   Next: 18%
Magic:  5/5        EV:  4    Int:  8    God:
Gold:   52         SH:  9    Dex: 11    Spells: 0 memorised, 4 levels left

rFire  . . .     SeeInvis +     a - +0 war axe
rCold  . . .     Clarity  +     l - +0 chain mail
rNeg   . . .     SustAt   .     c - +0 shield
rPois  +         Gourm    .     (no helmet)
rElec  .         Spirit   .     (no cloak)
rCorr  .         Warding  .     (no gloves)
rMut   .         Stasis   .     (no barding)
MR     .....                    (no amulet)
Stlth  ..........               (no ring)
                                q - ring of see invisible

@: mighty, very slow, not resistant to hostile enchantments, extremely
unstealthy
A: see invisible, clarity, deformed body, poison resistance, slowness 2, slow
metabolism 1, spit poison 2, AC +1
a: Spit Poison


You were on level 3 of the Dungeon.
You were not hungry.

You visited 1 branch of the dungeon, and saw 3 of its levels.

You collected 52 gold pieces.

Inventory:

Hand Weapons
 a - a +0 war axe (weapon)
Missiles
 o - 7 tomahawks (quivered)
Armour
 c - a +0 shield (worn)
 l - a +0 chain mail (worn)
Jewellery
 q - a ring of see invisible (left hand)
Scrolls
 b - a scroll of remove curse {unknown}
 h - a scroll of immolation {unknown}
 j - 3 scrolls of blinking {unknown}
 m - 2 scrolls of amnesia {unknown}
 n - a scroll of recharging {unknown}
 p - 2 scrolls of fog {unknown}
 r - a scroll of random uselessness {unknown}
 s - 2 scrolls of identify {unknown}
Potions
 f - a potion of beneficial mutation
 g - 2 potions of curing
 i - a potion of flight {unknown}
 k - a potion of degeneration {unknown}
 t - a potion of resistance {unknown}
 u - a potion of magic {unknown}
Comestibles
 e - 3 bread rations


   Skills:
 * Level 4.4 Fighting
 + Level 2.4 Axes
 + Level 3.0 Armour
 + Level 3.1 Shields


You had 4 spell levels left.
You didn't know any spells.

Dungeon Overview and Level Annotations

Branches:
Dungeon (3/15)

Altars:
Ashenzari
Dithmenos
Qazlal


Innate Abilities, Weirdness & Mutations

You cannot wear boots.
Your serpentine skin is tough (AC +1).
You have supernaturally acute eyesight.
Armour fits poorly on your strangely shaped body.
Your system is resistant to poisons.
You cover ground very slowly.
You have a slow metabolism.
You can spit poison.
You possess an exceptional clarity of mind.


Message History

Unknown command.
You are too injured to fight recklessly!
The orc hits you.
* * * LOW HITPOINT WARNING * * *
Drink which item? (? for menu, Esc to quit)
It was a potion of beneficial mutation.
Your thoughts seem clearer.
You feel fantastic! The orc hits you but does no damage.
Drink which item? (? for menu, Esc to quit)
It was a potion of curing.
You feel better. The orc hits you but does no damage.
Drink which item? (? for menu, Esc to quit)
You feel very mighty all of a sudden.
The orc priest invokes the aid of Beogh against you.
Something smites you!
* * * LOW HITPOINT WARNING * * *
The orc hits you but does no damage.
The orc priest invokes the aid of Beogh against you.
Something smites you!
You die...

#.........#.....###.#
##...._....#.##.####.#
..............#..........
...#####...####..#.####.#
##. #E#...#E##..#......#
.... ###...####..#.....##
..... ###.##.#..#.###.#
.....o####.##..........#
.....ooo@..###..##รท##..#
.....r########..#...#..##
..... #....##..#........
.... #.##.##..#..######
... #.#......#....#... ##
#.#..###.##.#.#.## #.#..#
#.)#.#.#... #######.####
##.#.#.####
#........######.#.#.###.


You could see 2 orc priests, 2 orcs and a rat.

Vanquished Creatures
  An orc priest (D:3)
  3 adders
  2 worms (D:2)
  2 giant geckos (D:3)
  8 orcs (D:3)
  3 giant cockroaches
  4 hobgoblins
  A quokka (D:2)
  10 bats
  6 giant newts
  A goblin (D:2)
  4 jackals (D:2)
  9 kobolds
  12 rats
66 creatures vanquished.

Notes
Turn   | Place    | Note
--------------------------------------------------------------
     0 | D:1      | Heskey the Naga Fighter began the quest for the Orb.
     0 | D:1      | Reached XP level 1. HP: 21/21 MP: 1/1
   198 | D:1      | Reached XP level 2. HP: 28/28 MP: 2/2
   468 | D:1      | Found a shattered altar of Ashenzari.
  1058 | D:2      | Reached XP level 3. HP: 25/34 MP: 3/3
  1723 | D:3      | Reached XP level 4. HP: 31/44 MP: 4/4
  1730 | D:3      | Reached skill level 4 in Fighting
  1739 | D:3      | Found a shadowy altar of Dithmenos.
  2126 | D:3      | Reached XP level 5. HP: 29/51 MP: 5/5
  2394 | D:3      | Noticed a water elemental
  2396 | D:3      | Found a stormy altar of Qazlal.
  2397 | D:3      | Noticed an air elemental
  2400 | D:3      | Noticed a fire elemental
  2400 | D:3      | Noticed an earth elemental
  2425 | D:3      | Gained mutation: You possess an exceptional clarity of mind. [potion of beneficial mutation]
  2427 | D:3      | Killed from afar by an orc priest

Action                   |  1- 3 |  4- 6 || total
-------------------------+-------+-------++-------
Melee: War axe           |   182 |    68 ||   250
  Use: Potion            |     1 |     3 ||     4
  Eat: Chunk             |     2 |     2 ||     4
